 Dungeon Crawl Stone Soup version 0.22-a0-362-g535178c (webtiles) character file.

71722 inmateoo the Martial Artist (level 15, -8/149 HPs)
             Began as a Gnoll Transmuter on Apr 20, 2018.
             Was the Champion of Cheibriados.
             Mangled by a titanic slime creature (89 damage)
             ... on level 12 of the Dungeon.
             The game lasted 00:41:32 (19249 turns).

inmateoo the Martial Artist (Gnoll Transmuter)     Turns: 19249, Time: 00:41:33

Health: -8/149     AC: 32    Str: 28    XL:     15   Next: 37%
Magic:  13/30      EV: 25    Int: 36    God:    Cheibriados [******]
Gold:   532        SH:  0    Dex: 31    Spells: 13/36 levels left

rFire    + . .     SeeInvis .     - Unarmed
rCold    + + .     Gourm    .   (no shield)
rNeg     + . .     Faith    .   (armour currently unavailable)
rPois    ∞         Spirit   .   P - +2 hat {MR+}
rElec    +         Reflect  .   O - +0 cloak
rCorr    .         Harm     .   (gloves currently unavailable)
MR       +++..                  (boots currently unavailable)
Stlth    +++++.....             p - amulet of regeneration
HPRegen  1.74/turn              Y - ring "Luanwa" {rElec rF+ rC++ MR+}
MPRegen  0.22/turn              r - ring of wizardry

@: statue-form, regenerating (expiring), very slow
A: distributed training, fangs 1, strong nose
a: End Transformation, Bend Time, Temporal Distortion, Slouch, Step From Time,
Renounce Religion


You were on level 12 of the Dungeon.
You worshipped Cheibriados.
Cheibriados was exalted by your worship.
You were near starving.
You were a stone statue.
You visited 4 branches of the dungeon, and saw 21 of its levels.

You collected 2139 gold pieces.
You spent 1607 gold pieces at shops.

Inventory:

Hand Weapons
 K - a +5 scimitar of flaming
Missiles
 a - 251 arrows
 g - 3 throwing nets (quivered)
Armour
 t - a +0 pair of gloves (melded)
 u - a +1 ring mail of fire resistance
 w - a cursed +0 large shield
 z - a +0 pair of boots (melded)
 D - a +0 crystal plate armour
 O - a +0 cloak (worn)
 P - a +2 hat of magic resistance (worn)
 S - the +8 chain mail of the New World (melded) {*Corrode MR+ Int+2 SInv}
   (You found it on level 3 of the Lair of Beasts)

   It affects your intelligence (+2).
   It affects your resistance to hostile enchantments.
   It lets you see invisible.
   It may corrode you when you take damage.
Magical Staves
 X - an uncursed staff of death
Jewellery
 c - an uncursed amulet of rage {unknown}
 j - an uncursed ring of protection from fire
 p - an amulet of regeneration (around neck)
 r - a ring of wizardry (right hand)
 A - an uncursed ring of poison resistance
 J - an uncursed ring of positive energy
 Y - the ring "Luanwa" (left hand) {rElec rF+ rC++ MR+}
   (You bought it in a shop on level 2 of the Orcish Mines)

   [ring of protection from fire]

   It protects you from fire.
   It greatly protects you from cold.
   It insulates you from electricity.
   It affects your resistance to hostile enchantments.
Wands
 h - a wand of acid (12)
 k - a wand of digging (13)
 B - a wand of polymorph (6)
 N - a wand of iceblast (9)
 U - a wand of enslavement (15)
Scrolls
 f - 6 scrolls of amnesia
 l - 7 scrolls of teleportation
 o - 3 scrolls of fog
 v - 5 scrolls of fear
 x - 5 scrolls of enchant armour
 G - 4 scrolls of magic mapping
 I - 2 scrolls of brand weapon
 Q - a scroll of identify
 T - 2 scrolls of remove curse
 W - a scroll of acquirement
Potions
 b - a potion of agility
 e - 4 potions of invisibility
 i - 4 potions of might
 m - 3 potions of brilliance
 n - 3 potions of lignification
 q - 9 potions of curing
 s - a potion of ambrosia
 C - 4 potions of flight
 E - 3 potions of resistance
 M - 2 potions of cancellation
 V - 3 potions of heal wounds
Miscellaneous
 F - a lightning rod (4/4)
 R - a phantom mirror
Comestibles
 d - 36 rations


   Skills:
 + Level 10.2 Fighting
 + Level 9.8 Short Blades
 + Level 9.8 Long Blades
 + Level 9.8 Axes
 + Level 9.8 Maces & Flails
 + Level 9.8 Polearms
 + Level 9.8 Staves
 + Level 9.8 Slings
 + Level 9.8 Bows
 + Level 9.8 Crossbows
 + Level 9.8 Throwing
 + Level 9.8 Armour
 + Level 10.8 Dodging
 + Level 9.8 Stealth
 + Level 9.8 Shields
 + Level 11.6 Unarmed Combat
 + Level 11.0 Spellcasting
 + Level 8.3 Conjurations
 + Level 8.3 Hexes
 + Level 8.3 Charms
 + Level 8.3 Summonings
 + Level 8.3 Necromancy
 + Level 8.3 Translocations
 + Level 9.2 Transmutations
 + Level 8.3 Fire Magic
 + Level 8.3 Ice Magic
 + Level 8.3 Air Magic
 + Level 8.3 Earth Magic
 + Level 8.3 Poison Magic
 + Level 10.7 Invocations
 + Level 9.8 Evocations


You had 13 spell levels left.
You knew the following spells:

 Your Spells              Type           Power        Failure   Level  Hunger
a - Regeneration          Chrm/Necr      ######....   1%          3    None
b - Sticks to Snakes      Tmut           ######..     1%          2    None
c - Statue Form           Tmut/Erth      ######...    3%          6    ####...
e - Blink                 Tloc           N/A          1%          2    None
f - Summon Lightning Spi  Summ/Air       ######..     1%          4    None
g - Apportation           Tloc           ######       1%          1    None
h - Blade Hands           Tmut           ######....   1%          5    #......


Dungeon Overview and Level Annotations

Branches:
Dungeon (12/15)            Temple (1/1) D:6            Lair (6/6) D:10
 Shoals (0/4) Lair:2        Snake (0/4) Lair:4        Slime (0/5) Lair:5
    Orc (2/2) D:10            Elf (0/3) Orc:2

Altars:
Ashenzari
Cheibriados
Dithmenos
Elyvilon
Fedhas
Gozag
Hepliaklqana
Kikubaaqudgha
Makhleb
Nemelex Xobeh
Okawaru
Qazlal
Ru
Sif Muna
Trog
Uskayaw
Vehumet
Wu Jian
Xom
Yredelemnul
Zin
The Shining One
Beogh

Shops:
D:4 %   D:5 =   Orc:2 ([!=

Annotations:
Lair:1 exclusion: oklob plant


Innate Abilities, Weirdness & Mutations

Your experience applies equally to all skills.
You have very sharp teeth.
Your uncanny sense of smell can sniff out nearby items.


Message History

Unknown command.
You punch the titanic slime creature! You bite the titanic slime creature!
The titanic slime creature is almost dead.
The titanic slime creature completely misses you.
The slime creature closely misses you.
The slime creature hits you but does no damage.
Unknown command.
You can feel time thicken for a moment.
You kill the orc warrior!
Cheibriados thoroughly appreciates the change of pace.
Your Spellcasting skill increases to level 11!
You kill the slime creature!
Cheibriados thoroughly appreciates the change of pace.
You kill the slime creature!
Cheibriados appreciates the change of pace.
You are near starving!
Your skin is crawling a little less now.
The titanic slime creature hits you!!!!
Ouch! That really hurt!
You die...

### #∆ ..# ... #.# ....
#.# .....####.# ....
...#.#
.#...##.#.##############
........J...............
.).....8#.##############
.########.# #J#


.JJ ∆ ##. ∆ .( .. You could see a titanic slime creature.

Vanquished Creatures
  Gastronok (Lair:3)
  An orc warlord (Orc:2)
  Snorg (Orc:1)
  Erolcha (D:10)
  7 hydras
  6 death yaks (Lair:6)
  A deep troll shaman (Lair:6)
  A catoblepas (Lair:6)
  2 two-headed ogres (D:11)
  Erica (D:10)
  Sonja (D:11)
  Nergalle (Orc:1)
  3 unseen horrors (D:11)
  Pikel (D:6)
  An orc knight (Orc:2)
  A manticore (Lair:2)
  4 orc sorcerers
  2 ugly things
  2 black mambas
  14 elephants
  A centaur skeleton (D:11)
  A centaur zombie (D:11)
  Joseph (D:7)
  Maurice (D:11)
  14 spiny frogs
  11 komodo dragons
  5 rime drakes (Lair:6)
  2 kobold demonologists (D:11)
  7 trolls
  Prince Ribbit (D:6)
  4 polar bears
  7 dream sheep (Lair:6)
  8 hippogriffs
  15 blink frogs
  7 slime creatures
  38 yaks
  A shadow (D:12)
  2 wyverns
  2 wraiths (D:10)
  2 hungry ghosts
  3 basilisks
  4 wargs
  A naga (Lair:4)
  16 water moccasins
  7 porcupines
  2 sky beasts
  An eye of draining (D:12)
  A slave (D:6)
  A hornet zombie (D:10)
  4 ice beasts
  2 black bears
  39 orc warriors
  3 phantoms
  8 ogres
  10 wolves
  6 centaurs
  10 crocodiles
  3 big kobolds (D:11)
  9 bullfrogs
  Blork the orc (D:6)
  3 water moccasin zombies
  6 scorpions
  4 killer bees (D:9)
  7 wights
  2 electric eels (Lair:2)
  4 crimson imps
  4 bullfrog zombies
  2 howler monkeys
  7 hounds
  5 jellies
  19 orc priests
  5 iguanas
  2 bullfrog skeletons
  10 worker ants
  31 orc wizards
  A hound zombie (D:5)
  2 worker ant zombies (D:11)
  6 gnolls
  13 adders
  5 shadow imps
  11 oozes
  3 worms
  4 dart slugs
  7 leopard geckos
  143 orcs
  10 bats
  5 giant cockroaches
  18 goblins
  9 hobgoblins
  4 jackals (D:10)
  14 kobolds
  5 quokkas
  3 ball pythons
  6 frilled lizards
  2 goblin skeletons (D:9)
  2 goblin zombies (D:9)
  3 hobgoblin zombies (D:9)
  An orc skeleton (D:9)
  2 quokka skeletons
  4 rats
  A fungus (Lair:1)
  A plant (Lair:2)
709 creatures vanquished.

Vanquished Creatures (collateral kills)
  Josephine (D:10)
  A hydra (Lair:4)
  An orc knight (Orc:2)
  2 spiny frogs (Lair:1)
  2 blink frogs (Lair:4)
  A wraith (D:10)
  2 yaks
  A porcupine (Lair:5)
  3 orc warriors
  2 wolves (Lair:5)
  2 orc priests (Orc:2)
  5 orcs
23 creatures vanquished.

Vanquished Creatures (others)
  An orc priest (Orc:2)
  8 fungi
  9 plants
  8 toadstools (D:2)
26 creatures vanquished.

Grand Total: 758 creatures vanquished

Notes
Turn   | Place    | Note
-------+----------+-------------------------------------------
     0 | D:1      | inmateoo the Gnoll Transmuter began the quest for the Orb.
     0 | D:1      | Reached XP level 1. HP: 17/17 MP: 6/6
   122 | D:1      | Reached XP level 2. HP: 14/23 MP: 7/7
   130 | D:1      | Learned a level 2 spell: Sticks to Snakes
   222 | D:1      | Reached XP level 3. HP: 20/28 MP: 9/9
   227 | D:1      | Learned a level 3 spell: Spider Form
   299 | D:1      | Reached skill level 5 in Spellcasting
   519 | D:1      | Reached skill level 1 in Invocations
   763 | D:2      | Reached skill level 1 in Short Blades
   763 | D:2      | Reached skill level 1 in Long Blades
   763 | D:2      | Reached skill level 1 in Axes
   763 | D:2      | Reached skill level 1 in Maces & Flails
   763 | D:2      | Reached skill level 1 in Polearms
   763 | D:2      | Reached skill level 1 in Staves
   763 | D:2      | Reached skill level 1 in Slings
   763 | D:2      | Reached skill level 1 in Bows
   763 | D:2      | Reached skill level 1 in Crossbows
   763 | D:2      | Reached skill level 1 in Throwing
   763 | D:2      | Reached skill level 1 in Armour
   763 | D:2      | Reached skill level 1 in Stealth
   763 | D:2      | Reached skill level 1 in Shields
   763 | D:2      | Reached skill level 1 in Evocations
   768 | D:2      | Reached XP level 4. HP: 17/34 MP: 7/11
  1111 | D:2      | Reached skill level 1 in Conjurations
  1111 | D:2      | Reached skill level 1 in Hexes
  1111 | D:2      | Reached skill level 1 in Charms
  1111 | D:2      | Reached skill level 1 in Summonings
  1111 | D:2      | Reached skill level 1 in Necromancy
  1111 | D:2      | Reached skill level 1 in Translocations
  1111 | D:2      | Reached skill level 1 in Fire Magic
  1111 | D:2      | Reached skill level 1 in Ice Magic
  1111 | D:2      | Reached skill level 1 in Air Magic
  1111 | D:2      | Reached skill level 1 in Earth Magic
  1111 | D:2      | Reached skill level 1 in Poison Magic
  1328 | D:2      | Reached XP level 5. HP: 33/40 MP: 8/12
  1644 | D:2      | Learned a level 4 spell: Ice Form
  1668 | D:2      | Reached XP level 6. HP: 25/47 MP: 10/13
  1959 | D:3      | Reached skill level 5 in Dodging
  2546 | D:3      | Found a stormy altar of Qazlal.
  2799 | D:4      | Reached XP level 7. HP: 52/52 MP: 10/15
  3192 | D:4      | Found Vacwuet's Food Emporium.
  3368 | D:5      | Entered Level 5 of the Dungeon
  3792 | D:5      | Reached XP level 8. HP: 53/60 MP: 16/16
  3861 | D:5      | Learned a level 2 spell: Blink
  4126 | D:5      | Found Ciriss's Jewellery Boutique.
  4129 | D:5      | Bought an uncursed ring of poison resistance for 260 gold pieces
  4555 | D:6      | Noticed Blork the orc
  4574 | D:6      | Killed Blork the orc
  4630 | D:6      | Noticed Pikel
  4648 | D:6      | Killed Pikel
  4648 | D:6      | Reached XP level 9. HP: 42/66 MP: 15/18
  4788 | D:6      | Reached skill level 5 in Transmutations
  5149 | D:6      | Found a staircase to the Ecumenical Temple.
  5164 | Temple   | Entered the Ecumenical Temple
  5326 | Temple   | Became a worshipper of Cheibriados the Contemplative
  5396 | D:6      | Noticed Prince Ribbit
  5416 | D:6      | Killed Prince Ribbit
  5982 | D:7      | Noticed Joseph
  6004 | D:7      | Killed Joseph
  6004 | D:7      | Reached skill level 5 in Fighting
  6156 | D:7      | Reached * piety under Cheibriados
  6234 | D:7      | Reached skill level 5 in Invocations
  6527 | D:7      | Reached XP level 10. HP: 74/74 MP: 15/20
  6870 | D:8      | Reached skill level 5 in Short Blades
  6870 | D:8      | Reached skill level 5 in Long Blades
  6870 | D:8      | Reached skill level 5 in Axes
  6870 | D:8      | Reached skill level 5 in Maces & Flails
  6870 | D:8      | Reached skill level 5 in Polearms
  6870 | D:8      | Reached skill level 5 in Staves
  6870 | D:8      | Reached skill level 5 in Slings
  6870 | D:8      | Reached skill level 5 in Bows
  6870 | D:8      | Reached skill level 5 in Crossbows
  6870 | D:8      | Reached skill level 5 in Throwing
  6870 | D:8      | Reached skill level 5 in Armour
  6870 | D:8      | Reached skill level 5 in Stealth
  6870 | D:8      | Reached skill level 5 in Shields
  6870 | D:8      | Reached skill level 5 in Evocations
  6877 | D:8      | Found a shadowy altar of Dithmenos.
  6892 | D:8      | Reached ** piety under Cheibriados
  7156 | D:8      | Found a shimmering altar of Xom.
  7221 | D:8      | Found a shattered altar of Ashenzari.
  7744 | D:8      | Reached *** piety under Cheibriados
  7908 | D:9      | Found a glowing golden altar of the Shining One.
  8038 | D:9      | Found a bloodstained altar of Trog.
  8054 | D:9      | Learned a level 4 spell: Summon Lightning Spire
  8147 | D:9      | Reached **** piety under Cheibriados
  8173 | D:9      | Found a roughly hewn altar of Beogh.
  8561 | D:10     | Entered Level 10 of the Dungeon
  8572 | D:10     | Reached XP level 11. HP: 82/82 MP: 17/22
  8668 | D:10     | Noticed Erica
  8676 | D:10     | Killed Erica
  8687 | D:10     | Noticed Josephine
  8704 | D:10     | Killed Josephine
  8704 | D:10     | Reached skill level 5 in Conjurations
  8704 | D:10     | Reached skill level 5 in Hexes
  8704 | D:10     | Reached skill level 5 in Charms
  8704 | D:10     | Reached skill level 5 in Summonings
  8704 | D:10     | Reached skill level 5 in Necromancy
  8704 | D:10     | Reached skill level 5 in Translocations
  8704 | D:10     | Reached skill level 5 in Fire Magic
  8704 | D:10     | Reached skill level 5 in Ice Magic
  8704 | D:10     | Reached skill level 5 in Air Magic
  8704 | D:10     | Reached skill level 5 in Earth Magic
  8704 | D:10     | Reached skill level 5 in Poison Magic
  9206 | D:10     | Found a staircase to the Lair.
  9343 | D:10     | Noticed Erolcha
  9348 | D:10     | Killed Erolcha
  9353 | D:10     | Reached ***** piety under Cheibriados
  9456 | D:10     | Found a staircase to the Orcish Mines.
  9674 | D:11     | Noticed Sonja
  9681 | D:11     | Noticed Maurice
  9685 | D:11     | Killed Sonja
  9736 | D:11     | Killed Maurice
  9736 | D:11     | Reached XP level 12. HP: 91/91 MP: 18/24
  9797 | D:11     | Learned a level 1 spell: Apportation
  9820 | D:11     | HP: 1/91 [cyan ugly thing (13)]
  9957 | Lair:1   | Entered Level 1 of the Lair of Beasts
  9996 | Lair:1   | Got a transparent spear
  9997 | Lair:1   | Identified the +3 spear of the Open Hand {pierce, rC+} (You found it on level 1 of the Lair of Beasts)
 10445 | Lair:1   | Learned a level 5 spell: Blade Hands
 10563 | Lair:1   | Noticed a six-headed hydra
 10582 | Lair:1   | Killed a four-headed hydra
 10989 | Lair:2   | Identified a scroll of acquirement
 10990 | Lair:2   | Found a staircase to the Shoals.
 11124 | Lair:2   | Learned a level 3 spell: Regeneration
 11307 | Lair:2   | Noticed a five-headed hydra
 11316 | Lair:2   | Killed a two-headed hydra
 11336 | Lair:2   | Reached skill level 10 in Unarmed Combat
 11777 | Lair:3   | Noticed Gastronok
 11785 | Lair:3   | Killed Gastronok
 11785 | Lair:3   | Reached XP level 13. HP: 34/98 MP: 17/26
 12271 | Lair:3   | Got a warped chain mail
 13250 | Lair:4   | Found a staircase to the Snake Pit.
 13407 | Lair:4   | Reached ****** piety under Cheibriados
 13675 | Lair:4   | Identified the +8 chain mail of the New World {*Corrode MR+ Int+2 SInv} (You found it on level 3 of the Lair of Beasts)
 14484 | Lair:5   | Found a staircase to the Slime Pits.
 14773 | Lair:5   | Reached skill level 10 in Spellcasting
 15109 | Lair:6   | Entered Level 6 of the Lair of Beasts
 15112 | Lair:6   | Reached XP level 14. HP: 86/108 MP: 28/28
 15149 | Lair:6   | Reached skill level 10 in Dodging
 15755 | Lair:6   | Reached skill level 10 in Invocations
 15818 | Lair:6   | Got a polished great sword
 15819 | Lair:6   | Identified the +1 great sword of Autumn {vamp, rPois rN+} (You found it on level 6 of the Lair of Beasts)
 16427 | Orc:1    | Entered Level 1 of the Orcish Mines
 16660 | Orc:2    | Entered Level 2 of the Orcish Mines
 16809 | Orc:2    | Found a roughly hewn altar of Beogh.
 17016 | Orc:2    | Found a staircase to the Elven Halls.
 17040 | Orc:2    | Found a roughly hewn altar of Beogh.
 17059 | Orc:2    | Found Dove's Jewellery Emporium.
 17064 | Orc:2    | Bought the ring "Luanwa" {rElec rF+ rC++ MR+} for 931 gold pieces
 17199 | Orc:2    | Noticed an orc warlord
 17235 | Orc:2    | Killed an orc warlord
 17339 | Orc:2    | Reached XP level 15. HP: 115/115 MP: 20/29
 17350 | Orc:2    | Found Warydgh's Antique Armour Emporium.
 17350 | Orc:2    | Found a roughly hewn altar of Beogh.
 17352 | Orc:2    | Found Voafutir's Antique Weapon Shoppe.
 17489 | Orc:2    | Found a roughly hewn altar of Beogh.
 17536 | Orc:2    | Found a roughly hewn altar of Beogh.
 17641 | Orc:2    | Found a roughly hewn altar of Beogh.
 17644 | Orc:2    | Found Baumuet's Distillery.
 17887 | Orc:2    | Bought 2 potions of curing for 78 gold pieces
 17887 | Orc:2    | Bought a potion of curing for 39 gold pieces
 17887 | Orc:2    | Bought a potion of curing for 39 gold pieces
 17887 | Orc:2    | Bought a potion of invisibility for 104 gold pieces
 17887 | Orc:2    | Bought a potion of brilliance for 52 gold pieces
 17887 | Orc:2    | Bought a potion of invisibility for 104 gold pieces
 18014 | Orc:1    | Noticed Snorg
 18026 | Orc:1    | Killed Snorg
 18099 | Orc:1    | Noticed Nergalle
 18108 | Orc:1    | Killed Nergalle
 18108 | Orc:1    | Reached skill level 10 in Fighting
 18184 | Orc:1    | Learned a level 6 spell: Statue Form
 19249 | D:12     | Mangled by a titanic slime creature

Vault maps used:
D:1:      onia_arrival_mini_maze_b, hangedman_decor_clover_reticule,
          minmay_pentomino_v2
D:2:      cheibrodos_fertilizer, minmay_goblin_outpost
D:3:      kennysheep_the_goblin_king, old_standard_altar
D:4:      serial_shops, shop, first_ration, hangedman_abyss_or_decor_passed
D:5:      serial_shops, nicolae_shop_behind_doors
D:6:      minmay_temple_entry_hall, hex_medium, uniq_blork_the_orc,
          uniq_prince_ribbit1, uniq_pikel
D:7:      uniq_joseph
D:8:      grunt_temple_overflow_open, grunt_ogre_cave, eino_tiny_chamber,
          nicolae_dithmenos_shadow_blocks
D:9:      nicolae_tso_besieged_by_evil, kennysheep_crisscross,
          trog_three_pillars_becter
D:10:     david_lair_shrubbed, david_orc_4, grunt_ministairs_10, uniq_erica,
          uniq_erolcha, uniq_josephine
D:11:     uniq_maurice, uniq_sonja
D:12:     minmay_another_anthill
Temple:   dpeg_five_rooms_temple
Lair:1:   minmay_lair_oklob_chamber, grunt_megastairs_2
Lair:2:   minmay_shoals_entry_beasts, hangedman_lair_unloving_vines,
          ldierk_geyser, serial_bayou_shore_b, serial_bayou_shore_b
Lair:3:   uniq_gastronok
Lair:4:   guppyfry_snake_entry_garden
Lair:5:   minmay_slime_entry_pillars, st_stairs_11
Lair:6:   grunt_lair_end_beastmaster, minmay_lair_drake_nest
Orc:1:    statue_in_the_mist_lemuel, nicolae_orc_sculptors_studio,
          mines4_lemuel, uniq_nergalle, uniq_snorg
Orc:2:    grunt_orc_community_town_hall, grunt_orc_community_big_house_2,
          grunt_orc_community_big_house_2, grunt_orc_community_house_1,
          grunt_orc_community_house_1, grunt_orc_community_house_2,
          grunt_orc_community_house_2, grunt_orc_community_house_1,
          grunt_orc_community_house_3

Skill      XL: |  1  2  3  4  5  6  7  8  9 10 11 12 13 14 15 |
---------------+----------------------------------------------+-----
Spellcasting   | 5 6 7 8 9 10 11 | 11.0
Invocations    | 1 2 3 4 5 6 7 8 9 10 | 10.7
Short Blades   | 1 2 3 4 5 6 7 8 9 |  9.8
Long Blades    | 1 2 3 4 5 6 7 8 9 |  9.8
Axes           | 1 2 3 4 5 6 7 8 9 |  9.8
Maces & Flails | 1 2 3 4 5 6 7 8 9 |  9.8
Polearms       | 1 2 3 4 5 6 7 8 9 |  9.8
Staves         | 1 2 3 4 5 6 7 8 9 |  9.8
Slings         | 1 2 3 4 5 6 7 8 9 |  9.8
Bows           | 1 2 3 4 5 6 7 8 9 |  9.8
Crossbows      | 1 2 3 4 5 6 7 8 9 |  9.8
Throwing       | 1 2 3 4 5 6 7 8 9 |  9.8
Armour         | 1 2 3 4 5 6 7 8 9 |  9.8
Stealth        | 1 2 3 4 5 6 7 8 9 |  9.8
Shields        | 1 2 3 4 5 6 7 8 9 |  9.8
Evocations     | 1 2 3 4 5 6 7 8 9 |  9.8
Conjurations   | 1 2 3 4 5 6 7 8 |  8.3
Hexes          | 1 2 3 4 5 6 7 8 |  8.3
Charms         | 1 2 3 4 5 6 7 8 |  8.3
Summonings     | 1 2 3 4 5 6 7 8 |  8.3
Necromancy     | 1 2 3 4 5 6 7 8 |  8.3
Translocations | 1 2 3 4 5 6 7 8 |  8.3
Fire Magic     | 1 2 3 4 5 6 7 8 |  8.3
Ice Magic      | 1 2 3 4 5 6 7 8 |  8.3
Air Magic      | 1 2 3 4 5 6 7 8 |  8.3
Earth Magic    | 1 2 3 4 5 6 7 8 |  8.3
Poison Magic   | 1 2 3 4 5 6 7 8 |  8.3
Fighting       | 3 4 5 6 7 8 9 10 | 10.2
Transmutations | 4 5 6 7 8 9 |  9.2
Dodging        | 5 6 7 8 9 10 | 10.8
Unarmed Combat | 7 8 9 10 11 | 11.6

Action                   |  1- 3 |  4- 6 |  7- 9 | 10-12 | 13-15 || total
-------------------------+-------+-------+-------+-------+-------++-------
Melee: Unarmed           |    86 |   171 |   466 |   603 |   910 ||  2236
       Headbutt          |     2 |       |       |       |       ||     2
       Punch             |     1 |     4 |    13 |    29 |    82 ||   129
       Bite              |     6 |    10 |    41 |    80 |   210 ||   347
       Kick              |     3 |       |       |       |       ||     3
       Scimitar          |       |       |       |     6 |    26 ||    32
 Cast: Beastly Appendage |     2 |       |       |       |       ||     2
       Spider Form       |     1 |     8 |    10 |     1 |       ||    20
       Ice Form          |       |     2 |     1 |     9 |       ||    12
       Blade Hands       |       |       |       |     4 |    27 ||    31
       Summon Lightning  |       |       |       |     2 |     7 ||     9
       Blink             |       |       |       |     2 |       ||     2
       Regeneration      |       |       |       |     1 |    21 ||    22
       Statue Form       |       |       |       |       |     1 ||     1
       Sticks to Snakes  |       |       |       |       |     1 ||     1
Invok: Slouch            |       |       |       |     4 |     7 ||    11
 Abil: End Transformatio |       |       |     2 |       |     1 ||     3
Evoke: Wand              |       |       |     2 |     8 |       ||    10
       Sack of spiders   |       |       |       |     2 |     1 ||     3
       Lightning rod     |       |       |       |     5 |       ||     5
  Use: Scroll            |     3 |     9 |     9 |    14 |    10 ||    45
       Potion            |       |     1 |       |     3 |     1 ||     5
 Stab: Sleeping          |       |     3 |     5 |    10 |    11 ||    29
       Distracted        |       |       |       |     1 |     1 ||     2
       Held in net/web   |       |       |       |     1 |       ||     1
  Eat: Chunk             |       |     7 |    13 |    11 |    13 ||    44
       Ration            |       |       |       |     1 |     1 ||     2
Armor: Robe              |    13 |    14 |     1 |     7 |    21 ||    56
       Skin              |       |     8 |     3 |    22 |     5 ||    38
       Ring mail         |       |       |   102 |   106 |       ||   208
       Chain mail        |       |       |       |       |   347 ||   347
Dodge: Dodged            |    63 |   171 |   283 |   488 |   952 ||  1957
       Rpst.: Scimitar   |       |       |       |     3 |     5 ||     8

Table legend:
 A = Spawn XP
 B = Non-spawn XP
 C = Spawn XP percentage of total XP
 D = Spawn monster count
 E = Non-spawn monster count
 F = Spawn count percentage of total count
 G = Total turns spent on level
                    A         B        C        D         E        F      G
               +---------+---------+-------+---------+---------+-------+---------
         Total |       0 |  102460 |   0.0 |       0 |     729 |   0.0 | 19249
               +---------+---------+-------+---------+---------+-------+---------
           D:1 |       0 |      58 |   0.0 |       0 |      25 |   0.0 |   977
           D:2 |       0 |     291 |   0.0 |       0 |      50 |   0.0 |   849
           D:3 |       0 |     200 |   0.0 |       0 |      32 |   0.0 |   911
           D:4 |       0 |     200 |   0.0 |       0 |      13 |   0.0 |   702
           D:5 |       0 |     745 |   0.0 |       0 |      23 |   0.0 |   982
           D:6 |       0 |    1639 |   0.0 |       0 |      20 |   0.0 |  1284
           D:7 |       0 |    2396 |   0.0 |       0 |      28 |   0.0 |   950
           D:8 |       0 |    1874 |   0.0 |       0 |      33 |   0.0 |  1051
           D:9 |       0 |    1738 |   0.0 |       0 |      54 |   0.0 |   661
          D:10 |       0 |    5995 |   0.0 |       0 |      50 |   0.0 |  1346
          D:11 |       0 |   12940 |   0.0 |       0 |      67 |   0.0 |   819
          D:12 |       0 |    2540 |   0.0 |       0 |      10 |   0.0 |   234
        Lair:1 |       0 |    6247 |   0.0 |       0 |      24 |   0.0 |  1046
        Lair:2 |       0 |    4299 |   0.0 |       0 |      20 |   0.0 |   825
        Lair:3 |       0 |    6497 |   0.0 |       0 |      14 |   0.0 |  1335
        Lair:4 |       0 |    7928 |   0.0 |       0 |      31 |   0.0 |  1184
        Lair:5 |       0 |    9456 |   0.0 |       0 |      34 |   0.0 |   866
        Lair:6 |       0 |   24304 |   0.0 |       0 |      62 |   0.0 |  1142
         Orc:1 |       0 |    4999 |   0.0 |       0 |      43 |   0.0 |   543
         Orc:2 |       0 |    8114 |   0.0 |       0 |      96 |   0.0 |  1348
               +---------+---------+-------+---------+---------+-------+---------
